 Dungeon Sprint DCSS version 0.31-a0-66-ge618eeaa78 (webtiles) character file.

Game seed: 16714457131903358476

502 sircluck the Grappler (level 6, 0/71 HPs)
             Began as a Troll Berserker on May 22, 2023.
             Was a Believer of Trog.
             Slain by a water moccasin (5 damage)
             ... in the Dungeon (Sprint II: "The Violet Keep of Menkaure").
             The game lasted 00:00:33 (45 turns).

sircluck the Grappler (Troll Berserker)               Turns: 45, Time: 00:00:34

Health: 0/71       AC:  4    Str: 26    XL:     6   Next: 95%
Magic:  5/5        EV: 11    Int:  3    God:    Trog [**....]
Gold:   0          SH:  0    Dex:  9    Spells: 5/5 levels left

rFire   . .          .
                       - Unarmed
rCold   . . .        (no shield)
rNeg    . . .        a - +0 animal skin
rPois   .            (helmet restricted)
rElec   .            (no cloak)
rCorr   .            (gloves unavailable)
SInv    .            (boots unavailable)
Will    .....        (no amulet)
Stlth   +            (no ring)
HPRegen 1.11/turn    (no ring)
MPRegen 0.09/turn

%: no teleportation
@: lethally poisoned (0 -> -4), on berserk cooldown, slowed, lost intelligence,
unable to read, very slow
A: large, unfitting armour, claws 3, regeneration 1, shaggy fur 1, tough skin 1,
weak 1
a: Renounce Religion, Berserk, Trog's Hand


You were in the Dungeon.
You worshipped Trog.
Trog was pleased with you.
You visited 1 branch

Inventory:

Armour
 a - a +0 animal skin (worn)
Scrolls
 g - a scroll of blinking
Potions
 b - a potion of curing
 c - a potion of heal wounds
 d - a potion of haste
 e - 2 potions of magic
 f - a potion of berserk rage


   Skills:
 + Level 7.3 Fighting
 + Level 7.6 Dodging
 + Level 9.5 Unarmed Combat


You had 5 spell levels left.
You didn't know any spells.
Your spell library was empty.

Dungeon Overview and Level Annotations

Branches:
Dungeon (1/1)

Altars:

Annotations:
D Roxanne


Innate Abilities, Weirdness & Mutations

You are too large for most types of armour.
You have claws for hands.
Your natural rate of healing is unusually fast.
You are covered in fur. (AC +1)
You have tough skin. (AC +1)
You are weak. (Str -2)


Message History

Trog accepts your kill.
You feel your intelligence returning.
Your Fighting skill increases to level 7!
Your Unarmed Combat skill increases to level 9!
Unknown command.
Unknown command.
Unknown command.
Unknown command.
Autopickup is now off.
Marking area around Roxanne as unsafe for travelling.
Unknown command.
Menkaure, Prince of Dust comes into view.
Menkaure splashes around in the water.
There is an open door here.
You enter the shallow water.
A water moccasin comes into view.
Menkaure gestures at you while chanting.
You barely resist.
The water moccasin hisses angrily.
You claw Menkaure!
Menkaure is almost destroyed.
Menkaure hits you!
* * * LOW HITPOINT WARNING * * *
Which direction?
You close the gate.
Menkaure calls on the powers of darkness!
Your body is wracked with pain!
* * * LOW HITPOINT WARNING * * *
The water moccasin convulses!
You claw Menkaure!
You destroy Menkaure!
Trog accepts your kill.
Trog appreciates your killing of a magic user.
The water moccasin bites you!
* * * LOW HITPOINT WARNING * * *
You are poisoned.
The water moccasin poisons you!
Roxanne sighs and says, "It wouldn't be so bad were it not for the bird droppings."
The water moccasin bites you.
You die...

##.##l#
+.<.+#
##.##l# #'##
.# ####.## #
#..##.# ~ #
#§$.## §~~
#~~##'##~~§≈≈
#§~~@S~~~§§≈
#+++#+++#~§§
#§§~~~
#~~§~~~§
+.§§§~8§~.
##~.~§~~~§.
##~§.§...##
####+####


You could see Roxanne and a water moccasin.

Vanquished Creatures
  Menkaure (D)
  4 neqoxecs (D)
5 creatures vanquished.

Notes
Turn   | Place    | Note
-------+----------+-------------------------------------------
     0 | D        | sircluck the Troll Berserker began the quest for the Orb.
     0 | D        | Reached XP level 1. HP: 22/22 MP: 0/0
     1 | D        | Noticed a scorpion
     1 | D        | Noticed a scorpion
     1 | D        | Noticed a scorpion
     1 | D        | Noticed a scorpion
     5 | D        | Noticed a wyvern
     5 | D        | Noticed a wyvern
     9 | D        | Noticed a neqoxec
    19 | D        | Killed a neqoxec
    19 | D        | Noticed a neqoxec
    20 | D        | Reached skill level 5 in Fighting
    20 | D        | Reached skill level 5 in Dodging
    20 | D        | Reached skill level 6 in Unarmed Combat
    20 | D        | Reached XP level 2. HP: 35/35 MP: 1/1
    20 | D        | Reached XP level 3. HP: 42/42 MP: 2/2
    20 | D        | Reached XP level 4. HP: 50/50 MP: 3/3
    23 | D        | Killed a neqoxec
    24 | D        | Reached skill level 7 in Unarmed Combat
    24 | D        | Reached XP level 5. HP: 57/59 MP: 4/4
    24 | D        | Noticed a neqoxec
    24 | D        | Noticed a neqoxec
    31 | D        | Killed a neqoxec
    31 | D        | Reached ** piety under Trog
    32 | D        | Reached skill level 8 in Unarmed Combat
    32 | D        | Reached XP level 6. HP: 68/68 MP: 5/5
    36 | D        | Gained mutation: You are weak. (Str -2) [a neqoxec]
    37 | D        | Lost intelligence.
    39 | D        | Killed a neqoxec
    40 | D        | Reached skill level 9 in Unarmed Combat
    40 | D        | Noticed Roxanne
    41 | D        | Noticed Menkaure
    42 | D        | Noticed a water moccasin
    45 | D        | Killed Menkaure
    45 | D        | Slain by a water moccasin

Illustrated notes

Levels and vault maps discovered:
D:        the_violet_keep_of_menkaure [sprint2_stairs_cluster_1,
          sprint2_shoproom, sprint2_temple, sprint2_basic_supplies,
          sprint2_obstacle_6, sprint2_obstacle_5, sprint2_obstacle_4,
          sprint2_obstacle_7, sprint2_obstacle_1, sprint2_timed_cluster_1,
          sprint2_smallroom_cluster_1, sprint2_smallroom_final_cluster_1,
          sprint2_transparent_cluster_1, sprint2_second_timed_cluster_1,
          sprint2_sniper_area_1, sprint2_heavy_combat_area_1,
          sprint2_mutation_trap_area_1, sprint2_forest_area_1,
          sprint2_light_combat_area_1, sprint2_behind_water_1,
          sprint2_near_end_vault_1]

Skill      XL: |  1  2  3  4  5  6 |
---------------+-------------------+-----
Fighting       | 5 6 7 |  7.3
Dodging        | 5 6 7 |  7.6
Unarmed Combat | 6 7 8 9 |  9.5

Action                     |  1- 3 |  4- 6 || total
---------------------------+-------+-------++-------
  Melee: Unarmed           |     7 |    19 ||    26
         Punch             |     1 |       ||     1
 Invoke: Berserk           |     1 |       ||     1
  Dodge: Dodged            |     3 |     1 ||     4

Table legend: (Time is in decaauts)
 A = Elapsed time spent in this place.
 B = Non-inter-level travel time spent in this place.
 C = Inter-level travel time spent in this place.
 D = Time resting spent in this place.
 E = Time spent auto-exploring this place.
 F = Levels seen in this place.
 G = Mean time per level.
                   A        B        C        D        E       F      G
               +--------+--------+--------+--------+--------+-----+--------+
         Total |     38 |     38 |      0 |      0 |      0 |   1 |   38.0 |
       Dungeon |     38 |     38 |      0 |      0 |      0 |   1 |   38.0 |
               +--------+--------+--------+--------+--------+-----+--------+

Top non-repeatable levels by time:
       D: 38 daAuts
